 Dungeon Crawl Stone Soup version 0.19.0-11-g3fc08b3 (webtiles) character file.

35 Chiseanne the Stinger (level 3, -3/28 HPs)
             Began as a Centaur Venom Mage on Nov 8, 2016.
             Slain by a human (6 damage)
             ... on level 2 of the Dungeon.
             The game lasted 00:02:04 (1703 turns).

Chiseanne the Stinger (Centaur Venom Mage)          Turns: 1703, Time: 00:02:05

Health: -3/28      AC:  5    Str: 10    XL:     3   Next: 17%
Magic:  6/6        EV:  8    Int: 14    God:
Gold:   98         SH:  0    Dex: 10    Spells: 1 memorised, 5 levels left

rFire  . . .     SeeInvis .     r - +0 hand axe
rCold  . . .     Gourm    .     n - +0 ring mail
rNeg   . . .     Faith    .     (no shield)
rPois  .         Spirit   .     (no helmet)
rElec  .         Reflect  .     (no cloak)
rCorr  .         Harm     .     (no gloves)
MR     .....                    (no barding)
Stlth  ..........               (no amulet)
                                (no ring)
                                (no ring)

@: very quick
A: hooves 3, deformed body, speed 2, tough skin 3
a: no special abilities


You were on level 2 of the Dungeon.
You were not hungry.

You visited 1 branch of the dungeon, and saw 2 of its levels.

You collected 98 gold pieces.

Inventory:

Hand Weapons
 r - a +0 hand axe (weapon)
Missiles
 d - 34 arrows
 f - 44 stones (quivered)
 g - 17 poisoned needles
Armour
 n - a +0 ring mail (worn)
Jewellery
 e - an uncursed ring of protection from cold {unknown}
 o - an uncursed ring of wizardry {unknown}
 p - a cursed -3 ring of evasion {unknown}
 q - a +3 ring of dexterity {unknown}
Scrolls
 a - a scroll of blinking {unknown}
 i - 2 scrolls of identify {unknown}
 k - 2 scrolls of fog {unknown}
 s - a scroll of immolation {unknown}
Potions
 j - a potion of agility {unknown}
 m - a potion of curing {unknown}
Books
 b - a Young Poisoner's Handbook

   Spells                             Type                      Level
   a - Sting                          Conjuration/Poison           1
   b - Mephitic Cloud                 Conjuration/Poison/Air       3
   c - Olgreb's Toxic Radiance        Poison                       4
   d - Alistair's Intoxication        Transmutation/Poison         5
   e - Venom Bolt                     Conjuration/Poison           5
Comestibles
 c - 2 bread rations
 h - a chunk of flesh
 l - a meat ration


   Skills:
 * Level 1.2 Fighting
 * Level 0.2 Armour
 * Level 1.8 Dodging
 - Level 1.1 Stealth
 - Level 2.0 Spellcasting
 - Level 3.4 Poison Magic


You had 5 spell levels left.
You knew the following spells:

 Your Spells              Type           Power        Failure   Level  Hunger
a - Sting                 Conj/Pois      #...         34%         1    ##.....


Dungeon Overview and Level Annotations

Branches:
Dungeon (2/15)

Altars:
Yredelemnul


Innate Abilities, Weirdness & Mutations

You have hooves in place of feet.
Armour fits poorly on your strangely shaped body.
You cover ground very quickly.
You have extremely tough skin. (AC +3)


Message History

The human is moderately wounded.
The human misses you. The human hits you.
You hit the human. Your kick misses the human.
The human is heavily wounded.
The human hits you but does no damage.
You hit the human. Your kick misses the human.
The human is heavily wounded.
The human closely misses you.
You closely miss the human.
The human is heavily wounded.
The human hits you but does no damage. The human hits you.
* * * LOW HITPOINT WARNING * * *
You barely miss the human.
The human is heavily wounded.
The human hits you.
* * * LOW HITPOINT WARNING * * *
You closely miss the human. You kick the human.
The human is severely wounded.
The human hits you.
You die...

.# .# ......
##########
########.##.#
#.........
........#..#
#.########
#.........# #.#
#...###...# #.#
#...#p#...# #.#
#...#@#...###.#
#.............#
#8.#####.8#####
## #...####
#._.# #...#
#####


You could see a human.

Vanquished Creatures
  3 dart slugs (D:1)
  A leopard gecko (D:1)
  3 bats
  3 hobgoblins (D:1)
  3 jackals (D:1)
  3 kobolds (D:1)
  3 frilled lizards (D:1)
  5 goblins (D:1)
  2 rats (D:1)
26 creatures vanquished.

Notes
Turn   | Place    | Note
-------+----------+-------------------------------------------
     0 | D:1      | Chiseanne the Centaur Venom Mage began the quest for the Orb.
     0 | D:1      | Reached XP level 1. HP: 14/14 MP: 3/3
   600 | D:1      | Reached XP level 2. HP: 16/20 MP: 4/4
  1160 | D:1      | Reached skill level 1 in Fighting
  1193 | D:1      | Reached XP level 3. HP: 19/28 MP: 6/6
  1680 | D:2      | Found a runed door.
  1680 | D:2      | Noticed a human
  1685 | D:2      | Found a basalt altar of Yredelemnul.
  1703 | D:2      | Slain by a human

Skill      XL: |  1  2 |
---------------+-------+-----
Spellcasting   | 2 |  2.0
Fighting       | 1 |  1.2
Armour         | |  0.2
Dodging        | |  1.8
Stealth        | |  1.1
Poison Magic   | |  3.4

Action                   || total
-------------------------++-------
Melee: Whip              ||    86
       Kick              ||    16
       Unarmed           ||     1
       Hand axe          ||    29
 Cast: Sting             ||     1
  Eat: Chunk             ||     2
Armor: Robe              ||    31
       Ring mail         ||    22
Dodge: Dodged            ||    58
